Zasza, chaotic female elven Priestess ### a --------------- -------.--@## |.[[[[.[[[[[[[| |........|# # |.[[[[[[[))[[[| |........|# ##-.[[[)[[[[[[)[| ........<.# --------------- ---------- Zasza the Acolyte Experience level: 5 Strength: 9 Dexterity: 14 Constitution: 12 Intelligence: 10 Wisdom: 14 Charisma: 14 Health: 0(38) Energy: 44(44) Def: 4 Gold: 281 Moves: 2241 Dungeon seed: d2eameqKHlUcNfy6 Game ID: Zasza_1525862301 Your Inventory: Coins $ - 281 gold pieces Weapons a - a blessed +1 mace (weapon in hand) l - a +0 orcish dagger t - a +1 orcish dagger E - 9 +0 silver arrows I - a +0 elven dagger (in quiver) J - a +0 elven spear L - a +0 scimitar M - a +0 flail Armor e - a +0 robe (being worn) n - a +0 small shield (being worn) q - a cursed -1 orcish helm z - a cursed -1 dwarvish cloak N - a +0 orcish helm (being worn) Comestibles c - a clove of garlic d - a sprig of wolfsbane k - 2 lichen corpses r - a partly eaten food ration s - a tin of lichen v - a tripe ration K - an egg S - a large mimic corpse Scrolls j - a scroll of enchant weapon u - a scroll of punishment Spellbooks f - a spellbook of clairvoyance g - a spellbook of healing Potions b - 4 potions of holy water i - a potion of confusion Tools h - a bell A - a pair of lenses (being worn) B - an oil lamp (0:1116) Gems y - a worthless piece of orange glass Spells and supernatural/magical abilities: Name Level Category Fail Memory h - healing 1 healing 0% 89% v - clairvoyance 3 divination 99% 89% W - pray for help -- divine ? -- X - turn undead -- divine ? -- Your skills at the end: Fighting Skills Weapon Skills mace [Basic] Spellcasting Skills clerical spells [Basic] Final Attributes: You were piously aligned. You were sleep resistant. You had infravision. Offler was angry with you. You are dead. Vanquished creatures: a large mimic a little dog a floating eye a kobold lord a giant bat an orc zombie a hobbit a hobgoblin 8 giant rats a gecko 7 jackals 2 foxes a kobold 2 goblins 2 sewer rats 11 grid bugs 2 bats 7 lichens 3 newts 54 creatures vanquished. Voluntary challenges: You used a wielded weapon 61 times, starting on turn 90. You read items or engraved 1 time, starting on turn 571. You never genocided any monsters. You never polymorphed an object. You never changed form. You used no wishes. You never split a pudding. You never wrote Elbereth's name. You violated your moral code, losing 15 points of alignment, starting on turn 741. Dungeon overview: The Dungeons of Doom: levels 1 to 4 Level 1 some fountains a long staircase Level 2 some fountains Level 3 an altar to Blind Io, some fountains a long staircase Level 4 <- You were here an armor shop History has recorded: On T:1 you entered the Dungeons of Doom to retrieve the Amulet of Yendor! On T:611 you reached level 2 of The Dungeons of Doom. On T:678 you advanced to experience level 2. On T:831 you advanced to experience level 3. On T:1277 you reached level 3 of The Dungeons of Doom. On T:1322 you advanced to experience level 4. On T:1959 you reached level 4 of The Dungeons of Doom. On T:2225 you advanced to experience level 5. Score breakdown: Gold: 281 ( 8334 points) Experience: 5 levels (11141 points) Exploration: 4 levels ( 8.16%) ( 7500 points) Discoveries: 0 items ( 0.00%) ( 0 points) Valuables value: (no points given unless you survive) Artifact value: 0 ( 0 points) Variety of kills: 19 monsters ( 4.99%) ( 6699 points) Turncount: 2241 turns ( -169 points) Survival: died (score multiplied by 80%) Total score: 26804 Latest messages: You miss the large mimic. You hit the large mimic. You miss the large mimic. The large mimic hits! You feel more confident in your weapon skills. You hit the large mimic. You kill the large mimic! Welcome to experience level 5. You see here a large mimic corpse. S - a large mimic corpse. You stagger under your heavy load. Movement is very hard. The giant ant bites! (3x) The giant ant just misses! The giant ant bites! (2x) Never mind. You begin praying to Offler. The giant ant bites! (5x) You die... Final status: Goodbye Zasza the Priestess, killed by a giant ant, while praying... You died in The Dungeons of Doom on dungeon level 4 with 26804 points, and 281 pieces of gold, after 2241 moves. You were level 5 with a maximum of 38 hit points when you died.